 Dungeon Crawl Stone Soup version 0.19-a0-1886-gd64a0f0 (webtiles) character file.

75 Morenatsu the Poker (level 4, 0/28 HPs)
             Began as a Tengu Monk on Oct 15, 2016.
             Was a Believer of Okawaru.
             Slain by a gnoll (3 damage)
             ... on level 2 of the Dungeon.
             The game lasted 00:12:11 (2384 turns).

Morenatsu the Poker (Tengu Monk)                    Turns: 2384, Time: 00:12:12

Health: 0/28       AC:  2    Str: 12    XL:     4   Next: 31%
Magic:  4/5        EV: 16    Int: 10    God:    Okawaru [**....]
Gold:   97         SH:  0    Dex: 17    Spells: 0 memorised, 3 levels left

rFire  . . .     SeeInvis .     a - +1 spear
rCold  . . .     Gourm    .     b - +0 robe
rNeg   . . .     Faith    .     (no shield)
rPois  .         Spirit   .     (helmet restricted)
rElec  .         Dismiss  .     (no cloak)
rCorr  .         Reflect  .     (no gloves)
MR     .....     Harm     .     (boots unavailable)
Stlth  ++........               (no amulet)
                                (no ring)
                                e - ring of flight

@: flying quickly and evasively, quick
A: beak, talons 3
a: Heroism, Renounce Religion


You were on level 2 of the Dungeon.
You worshipped Okawaru.
Okawaru was pleased with you.
You were not hungry.

You visited 1 branch of the dungeon, and saw 2 of its levels.

You collected 97 gold pieces.

Inventory:

Hand Weapons
 a - a +1 spear (weapon)
 f - a -1 spear
Armour
 b - a +0 robe (worn)
Jewellery
 e - a ring of flight (left hand)
 q - an uncursed amulet of inaccuracy
Scrolls
 d - 2 scrolls of identify
 h - a scroll of remove curse
 i - a scroll of blinking {unknown}
 j - a scroll of fog
Potions
 g - 2 potions of cure mutation
 p - a potion of lignification
Comestibles
 c - 2 bread rations
 k - a royal jelly
 l - 2 chunks of flesh
 m - a beef jerky


   Skills:
 - Level 3.0 Fighting
 + Level 5.5 Polearms
 - Level 3.2 Dodging
 - Level 2.0 Stealth


You had 3 spell levels left.
You didn't know any spells.

Dungeon Overview and Level Annotations

Branches:
Dungeon (2/15)

Altars:
Okawaru


Innate Abilities, Weirdness & Mutations

You have a beak for a mouth.
You have claws for feet.


Message History

You reach to attack!
You hit the gnoll.
The gnoll is severely wounded.
Attack whom?
Press: ? - help, Dir - move target cursor, f/p - gnoll
Aim: a gnoll, wielding a spear (severely wounded)
You reach to attack!
You hit the gnoll.
The gnoll is severely wounded.
The gnoll barely misses you.
You feel very buoyant.
You swoop lightly up into the air.
You feel somewhat more hungry.
The gnoll hits you from afar with a spear!
* * * LOW HITPOINT WARNING * * *
You are too injured to fight recklessly!
You are too injured to fight recklessly!
You hit the gnoll. You claw the gnoll, but do no damage.
The gnoll is heavily wounded.
The gnoll hits you from afar with a spear.
* * * LOW HITPOINT WARNING * * *
The gnoll hits you.
You die...

#...#####..§§§#.........#.....###
###....##..§§§§§....##.....#..#
######.##§§§§§#§###........#..#
....#....§§§§.).#........######
.......#.##...###.)....#.#
.....#...##..####..).....#
.....#...#..)##........###
.......#..........##..##
.).....##.##.#..@.###.#
................g.# #.#
..##.......<..g...###.#
................#...#.######
................#.#...#....#
#..........................#
#..#...........##.#........#
#..#.....[.................#
#..#...g.......#...####....#


You could see 2 gnolls.

Vanquished Creatures
  An adder (D:2)
  A gnoll (D:2)
  A worm (D:2)
  2 dart slugs
  A leopard gecko (D:1)
  2 orcs (D:2)
  2 giant cockroaches (D:1)
  8 goblins
  3 hobgoblins (D:2)
  3 jackals (D:2)
  A ball python (D:2)
  5 bats
  3 frilled lizards (D:1)
  7 kobolds
  8 rats
48 creatures vanquished.

Notes
Turn   | Place    | Note
-------+----------+-------------------------------------------
     0 | D:1      | Morenatsu the Tengu Monk began the quest for the Orb.
     0 | D:1      | Reached XP level 1. HP: 14/14 MP: 2/2
   134 | D:1      | Reached XP level 2. HP: 19/19 MP: 3/3
   196 | D:1      | Reached skill level 4 in Polearms
  1230 | D:2      | Reached XP level 3. HP: 23/23 MP: 4/4
  1445 | D:2      | Reached skill level 5 in Polearms
  2064 | D:2      | Reached XP level 4. HP: 28/28 MP: 5/5
  2069 | D:2      | Found an iron altar of Okawaru.
  2077 | D:2      | Became a worshipper of Warmaster Okawaru
  2077 | D:2      | Reached * piety under Okawaru
  2077 | D:2      | Reached ** piety under Okawaru
  2384 | D:2      | Slain by a gnoll

Vault maps used:
D:1:      zaba_arrival_water, serial_co_window_serial, co_window_paths_a,
          co_window_paths_b, co_window_paths_a, co_window_paths_a,
          co_window_of_opportunity_a, co_window_cross_1,
          co_window_of_opportunity_b, co_window_2corner, co_window_2corner,
          co_window_corner_b, co_window_unsneaky_path_d,
          co_window_of_opportunity_c, glass_columns_a, glass_columns_a
D:2:      hangedman_decor_push, okawaru_altar_gauntlet_db

Skill      XL: |  1  2  3 |
---------------+----------+-----
Polearms       | 4 5 |  5.5
Fighting       | |  3.0
Dodging        | |  3.2
Stealth        | |  2.0

Action                   |  1- 3 |  4- 6 || total
-------------------------+-------+-------++-------
Melee: Spear             |   127 |    21 ||   148
       Kick              |    17 |     4 ||    21
       Peck              |    14 |     4 ||    18
 Abil: Evoke Flight      |       |     1 ||     1
  Use: Scroll            |     1 |     5 ||     6
       Potion            |     4 |       ||     4
 Stab: Sleeping          |     7 |       ||     7
       Distracted        |     1 |       ||     1
  Eat: Chunk             |     4 |     1 ||     5
Armor: Robe              |    17 |       ||    17
Dodge: Dodged            |    55 |     8 ||    63
